 Dungeon Crawl Stone Soup version 0.29.1-4-g47bece8355 (webtiles) character file.

Game seed: 11798175021247657273

728 klnnlk the Cleaver (level 7, -15/85 HPs)
             Began as a Minotaur Berserker on Dec 3, 2022.
             Was a Priest of Trog.
             Demolished by a two-headed ogre
             ... wielding a +0 giant club
              (22 damage)
             ... on level 4 of the Dungeon on Dec 4, 2022.
             The game lasted 00:11:18 (5179 turns).

klnnlk the Cleaver (Minotaur Berserker)             Turns: 5179, Time: 00:11:19

Health: -15/85     AC: 11    Str: 24    XL:     7   Next: 44%
Magic:  6/6        EV:  8    Int:  4    God:    Trog [***...]
Gold:   182        SH:  0    Dex:  9    Spells: 6/6 levels left

rFire   . . .      SeeInvis .   t - +3 hand axe (holy)
rCold   . . .      Faith    .   (no shield)
rNeg    . . .      Spirit   .   q - +0 chain mail
rPois   .          Reflect  .   (helmet restricted)
rElec   .          Harm     .   (no cloak)
rCorr   .          Rampage  .   (no gloves)
Will    .....                   m - +2 pair of boots
Stlth   ..........              (no amulet)
HPRegen 0.24/turn               (no ring)
MPRegen 0.10/turn               (no ring)

@: berserking, very quick
A: horns 2, retaliatory headbutt
a: Renounce Religion, Berserk, Trog's Hand


You were on level 4 of the Dungeon.
You worshipped Trog.
Trog was most pleased with you.
You visited 1 branch of the dungeon, and saw 5 of its levels.
You also visited: Sewer.

You collected 182 gold pieces.

Inventory:

Hand Weapons
 a - a +0 hand axe
 b - a +0 war axe
 t - a +3 hand axe of holy wrath (weapon)
Missiles
 v - 13 poisoned darts (quivered)
Armour
 m - a +2 pair of boots (worn)
 n - a +0 kite shield
 q - a +0 chain mail (worn)
Wands
 s - a wand of light (7)
 y - a wand of mindburst (19)
Scrolls
 c - a scroll of enchant armour
 i - a scroll of enchant weapon
 k - a scroll of amnesia {unknown}
 l - 2 scrolls of teleportation
 o - a scroll of summoning
 u - a scroll of magic mapping {unknown}
 w - a scroll of fear {unknown}
 x - a scroll of fog {unknown}
Potions
 d - a potion of lignification {unknown}
 e - a potion of ambrosia {unknown}
 f - a potion of attraction {unknown}
 g - a potion of invisibility {unknown}
 h - a potion of degeneration {unknown}
 j - 2 potions of curing {unknown}
 p - a potion of berserk rage {unknown}
 r - 2 potions of brilliance {unknown}
 z - 2 potions of resistance {unknown}


   Skills:
 - Level 3.6 Fighting
 + Level 10.4 Axes
 - Level 2.4 Armour
 - Level 2.1 Dodging
 - Level 1.0 Stealth


You had 6 spell levels left.
You didn't know any spells.
Your spell library was empty.

Dungeon Overview and Level Annotations

Branches:
Dungeon (5/15)             Temple (0/1) D:5           Sewer (visited)

Altars:
Makhleb
Qazlal
Ru

Shops:
D:3 ((=

Annotations:
D:4 1 runed translucent door, p00ps00p's ghost, amateur HOFi
D:5 Grinder


Innate Abilities, Weirdness & Mutations

You have a pair of horns on your head.
You reflexively headbutt those who attack you in melee.


Message History

Found a club.
There is a stone staircase leading up here.
You hit the adder.
The adder is moderately wounded.
The adder barely misses you.
You slash the adder!
You kill the adder!
Trog accepts your kill.
Found a stone staircase leading down.
y - a wand of mindburst (19)
Found a staircase to the Ecumenical Temple.
Grinder comes into view.
She is carrying a wand of roots (9).
Grinder shouts!
Grinder zaps a wand.
The roots erupt in riotous growth!
The grasping roots grab you! The grasping roots constrict you.
You hear two shouts!
You hear an angry hiss. x2
You escape the roots grasp.
A two-headed ogre comes into view. It is wielding two +0 giant clubs.
There is a stone staircase leading up here.
The two-headed ogre hits you with a +0 giant club! x2
You climb upwards.
Level annotation: 1 runed translucent door, p00ps00p's ghost, amateur HOFi
There is a stone staircase leading down here.
A red film seems to cover your vision as you go berserk!
You feel yourself moving faster!
You feel mighty!
The two-headed ogre completely misses you.
The two-headed ogre hits you with a +0 giant club!
You barely miss the two-headed ogre. You headbutt the two-headed ogre!
The two-headed ogre is lightly wounded.
You barely miss the two-headed ogre. You headbutt the two-headed ogre!
The two-headed ogre is moderately wounded.
You barely miss the two-headed ogre. You headbutt the two-headed ogre!
The two-headed ogre is heavily wounded.
You slash the two-headed ogre!
The two-headed ogre is severely wounded.
The two-headed ogre hits you with a +0 giant club!!
* * * LOW HITPOINT WARNING * * *
The two-headed ogre hits you with a +0 giant club!!
You die...

#.#.###.# #)# #.#
#.#...#.#####.# #.#
#.###....<....# #.# #.#
###)####### #.#
#.#####[######### #.#
#...............# #.#
#######........[# #.#
#.######..# #.#### # #.#
##O@# #....#### #.#
###...##########...##.
#:###......##.[...........
#.##........#.######...###
##.#...#+#.....#######)##
#.....##W##.........##.#
#....##...##...####.##.####
#...##.....##..# #.##.....
#...#⌠.!♣?.⌠#..# #.#######


You could see a two-headed ogre and p00ps00p's ghost.

Vanquished Creatures
  A black bear (D:4)
  An ogre (D:4)
  A kobold brigand (Sewer)
  3 orc priests
  A hound (D:4)
  3 orc wizards
  Terence (D:2)
  6 gnolls
  A river rat (Sewer)
  10 adders
  2 worms
  A dart slug (D:2)
  18 orcs
  4 bats
  4 endoplasms
  4 giant cockroaches (D:4)
  6 goblins
  7 hobgoblins
  3 jackals (Sewer)
  6 kobolds
  3 quokkas (D:4)
  8 ball pythons
  6 frilled lizards (Sewer)
  4 rats
104 creatures vanquished.

Vanquished Creatures (others)
  8 plants (Sewer)
8 creatures vanquished.

Grand Total: 112 creatures vanquished

Notes
Turn   | Place    | Note
-------+----------+-------------------------------------------
     0 | D:1      | klnnlk the Minotaur Berserker began the quest for the Orb.
     0 | D:1      | Reached XP level 1. HP: 19/19 MP: 0/0
   250 | D:1      | Reached skill level 4 in Axes
   960 | D:2      | Reached XP level 2. HP: 24/26 MP: 1/1
  1157 | D:2      | Reached skill level 5 in Axes
  1157 | D:2      | Reached XP level 3. HP: 31/31 MP: 2/2
  1535 | D:2      | Reached skill level 1 in Stealth
  1535 | D:2      | Reached XP level 4. HP: 26/39 MP: 3/3
  1714 | D:3      | Found Bavu's Jewellery Emporium.
  1754 | D:3      | Reached skill level 6 in Axes
  1766 | D:3      | Found Imia's Weapon Shoppe.
  1777 | D:3      | Reached ** piety under Trog
  1784 | D:3      | Found a burning altar of Makhleb.
  1794 | D:3      | Noticed Terence
  1828 | D:2      | Killed Terence
  2140 | D:2      | Reached XP level 5. HP: 19/45 MP: 4/4
  2379 | D:3      | Found a sacrificial altar of Ru.
  2584 | D:3      | Reached skill level 7 in Axes
  2744 | D:3      | Found Seupro's Antique Weapon Boutique.
  3093 | D:4      | Found a runed translucent door.
  3095 | D:4      | Noticed p00ps00p's ghost (amateur HOFi)
  3163 | D:4      | Found a glowing drain.
  3181 | Sewer    | Entered a sewer
  3210 | Sewer    | Reached XP level 6. HP: 51/51 MP: 5/5
  3264 | Sewer    | Reached skill level 8 in Axes
  3338 | Sewer    | Reached *** piety under Trog
  3913 | D:4      | Noticed a water elemental
  3915 | D:4      | Found a stormy altar of Qazlal.
  3930 | D:4      | Reached skill level 9 in Axes
  3931 | D:4      | Noticed a fire elemental
  4307 | D:4      | Noticed an air elemental
  4434 | D:4      | Reached XP level 7. HP: 44/57 MP: 6/6
  4565 | D:4      | Reached skill level 10 in Axes
  5139 | D:5      | Entered Level 5 of the Dungeon
  5152 | D:5      | Found a staircase to the Ecumenical Temple.
  5154 | D:5      | Noticed Grinder
  5161 | D:5      | Noticed a two-headed ogre
  5179 | D:4      | Demolished by a two-headed ogre

Illustrated notes

Levels and vault maps discovered:
D:1:      sevenhm_arrival_forest_fort_small_4, layout_loops_cross
D:2:      layout_rooms
D:3:      layout_rooms, mainiacjoe_overflow_catwalk,
          nicolae_ru_the_path_less_chosen, serial_shops,
          nicolae_shop_hallway_plus, nicolae_shop_hallway_plus, shop,
          uniq_terence
D:4:      layout_loops_ring, nicolae_qazlal_style_of_elements,
          hellmonk_ghost_happy_afterlife, gup_sewer_entry_pipe, wad_orctagon
D:5:      layout_basic, mainiacjoe_overflow_alcove_1, nicolae_overflow_squiral,
          minmay_temple_entry_mist, serial_corexii_hall,
          chequers_hall_statues_wall_a, chequers_hall_statues_y,
          corexii_hall_statues_l, chequers_hall_statues_y, uniq_grinder,
          uniq_sigmund, uniq_ijyb

Skill      XL: |  1  2  3  4  5  6  7 |
---------------+----------------------+-----
Axes           | 4 5 6 7 9 10 | 10.4
Stealth        | 1 |  1.0
Fighting       | |  3.6
Armour         | |  2.4
Dodging        | |  2.1

Action                   |  1- 3 |  4- 6 |  7- 9 || total
-------------------------+-------+-------+-------++-------
Melee: Hand axe          |    50 |   207 |    43 ||   300
       Headbutt          |     7 |    25 |     9 ||    41
       Punch             |       |     3 |       ||     3
Invok: Berserk           |       |     1 |     1 ||     2
  Use: Scroll            |     2 |     1 |     1 ||     4
 Stab: Sleeping          |     1 |       |       ||     1
Armor: Animal skin       |    10 |       |       ||    10
       Scale mail        |    10 |     7 |       ||    17
       Chain mail        |       |    93 |    14 ||   107
Dodge: Dodged            |    31 |    64 |     8 ||   103
